 Dungeon Crawl Stone Soup version 0.29.1-2-gbd0b4ee654 (webtiles) character file.

Game seed: 3764798741009454323

670 GorkyZ the Gusty (level 7, -4/45 HPs)
             Began as an Octopode Air Elementalist on Nov 17, 2022.
             Slain by a killer bee zombie (5 damage)
             ... on level 5 of the Dungeon.
             The game lasted 00:26:57 (4833 turns).

GorkyZ the Gusty (Octopode Air Elementalist)        Turns: 4833, Time: 00:26:58

Health: -4/45      AC:  1    Str:  7    XL:     7   Next: 58%
Magic:  8/12       EV: 18    Int: 19    God:
Gold:   215        SH:  0    Dex: 19    Spells: 5/12 levels left

rFire   x . .      SeeInvis .   n - +4 quarterstaff (chaos)
rCold   + . .      Faith    .   (shield currently unavailable)
rNeg    . . .      Spirit   .   (helmet restricted)
rPois   +          Reflect  .   (no amulet)
rElec   .          Harm     .   c - +4 ring of evasion
rCorr   .          Rampage  .   h - ring of poison resistance
Will    .....                   j - +6 ring of dexterity
Stlth   +++.......              s - ring of ice
HPRegen 0.15/turn               (no ring)
MPRegen 0.13/turn               (no ring)
                                (no ring)
                                (no ring)

@: no status effects
A: almost no armour, amphibious, 8 rings, camouflage 1, gelatinous body 1,
(nimble swimmer 1), tentacles
a: no special abilities


You were on level 5 of the Dungeon.
You visited 1 branch of the dungeon, and saw 5 of its levels.

You collected 215 gold pieces.

Inventory:

Hand Weapons
 f - a +2 scimitar of electrocution
 l - a +1 short sword of venom
 n - a +4 quarterstaff of chaos (weapon)
Missiles
 k - 2 throwing nets
Jewellery
 c - a +4 ring of evasion (left tentacle)
 h - a ring of poison resistance (right tentacle)
 j - a +6 ring of dexterity (on tentacle)
 s - a ring of ice (on tentacle)
Wands
 u - a wand of flame (17)
Scrolls
 b - 6 scrolls of enchant weapon {unknown}
 g - 3 scrolls of identify {unknown}
 i - a scroll of magic mapping {unknown}
 m - a scroll of vulnerability {unknown}
 p - 2 scrolls of acquirement {unknown}
 r - a scroll of fear {unknown}
 t - a scroll of poison {unknown}
Potions
 a - 2 potions of magic
 d - a potion of lignification {unknown}
 e - 2 potions of haste {unknown}
 o - a potion of cancellation {unknown}
 q - 2 potions of curing {unknown}


   Skills:
 + Level 2.7 Fighting
 + Level 1.6 Staves
 + Level 3.4 Dodging
 - Level 2.6 Stealth
 + Level 3.4 Spellcasting
 + Level 3.1 Conjurations
 + Level 1.2 Transmutations
 + Level 1.3 Fire Magic
 + Level 4.2 Air Magic
 + Level 2.7 Poison Magic


You had 5 spell levels left.
You knew the following spells:

 Your Spells              Type           Power      Damage    Failure   Level
a - Shock                 Conj/Air       68%        1d7       3%          1
b - Mephitic Cloud        Conj/Pois/Air  16%        N/A       11%         3
c - Ignite Poison         Fire/Tmut/Pois 9%         N/A       22%         3

Your spell library contained the following spells:

 Spells                   Type           Power      Damage    Failure   Level
 Magic Dart               Conj           60%        1d6       4%          1
 Static Discharge         Conj/Air       17%        3-6/arc   4%          2
 Swiftness                Air            19%        N/A       8%          3
 Call Imp                 Summ           3%         N/A       22%         2
 Airstrike                Air            9%         2d(2-18)  26%         4
 Portal Projectile        Hex/Tloc       6%         N/A       41%         3
 Tukima's Dance           Hex            3%         N/A       41%         3
 Freezing Cloud           Conj/Ice/Air   9%         6-21      82%         5
 Blade Hands              Tmut           3%         N/A       94%         5


Dungeon Overview and Level Annotations

Branches:
Dungeon (5/15)
 Temple: D:4-7

Altars:
Fedhas
Gozag
Trog
Xom
Yredelemnul


Innate Abilities, Weirdness & Mutations

You cannot wear most types of armour.
You are amphibious.
You can wear up to eight rings at the same time.
Your skin changes colour to match your surroundings (Stealth+).
Your rubbery body absorbs attacks. (AC +1, EV +1)
((You are camouflaged when in or above water. (Stealth+)))
You have tentacles for arms and can constrict up to eight enemies at once.


Message History

The zap hits the orc priest.
The orc priest is heavily wounded.
The killer bee zombie closely misses you.
The killer bee zombie hits you.
Aiming: Shock (safe; 3% risk of failure)
Press: ? - help, Q - select action, (/) - cycle Shift-Dir - straight line, f/p - orc priest
Aim: an orc priest, wielding a +0 hand axe (heavily wounded, 71% to hit)
The zap hits the orc priest.
The orc priest is almost dead.
The zap hits the orc priest!
The orc priest is heavily wounded.
The killer bee zombie hits you!
The orc priest calls upon Beogh to heal the orc priest.
The orc priest is healed somewhat.
The killer bee zombie hits you.
Aiming: Shock (safe; 3% risk of failure)
Press: ? - help, Q - select action, (/) - cycle Shift-Dir - straight line, f/p - orc priest
Aim: an orc priest, wielding a +0 hand axe (heavily wounded, 71% to hit)
The zap hits the orc priest.
The orc priest is almost dead.
The zap hits the orc priest.
The orc priest is heavily wounded.
The killer bee zombie hits you.
* * * LOW HITPOINT WARNING * * *
The orc priest hits you with a +0 hand axe.
* * * LOW HITPOINT WARNING * * *
The killer bee zombie barely misses you.
You thump the orc priest!
You kill the orc priest!
The killer bee zombie barely misses you.
The killer bee zombie hits you.
* * * LOW HITPOINT WARNING * * *
You sock the orc priest! You freeze the orc priest.
You kill the orc priest!
The killer bee zombie misses you. x2
You closely miss the killer bee zombie. You grab the killer bee zombie.
Your squeeze misses the killer bee zombie.
You constrict the killer bee zombie. The killer bee zombie misses you.
The killer bee zombie closely misses you.
The killer bee zombie hits you.
You die...

###. ... #.# ###.## ##+#
##....# ##... #..P..#
##.... o.# ##.....#
##.....
Z....####......####......
.......)@.........'......
..##.##Z.......####......
##......## ##.....
##...### ##...8 ##.##
##..8 #.# ##+. #.# #.. .#
#.# #.


You could see a killer bee zombie.

Vanquished Creatures
  2 phantoms
  A scorpion (D:4)
  A howler monkey (D:4)
  A jelly (D:3)
  A bullfrog zombie (D:5)
  3 hounds (D:4)
  Crazy Yiuf (D:3)
  2 orc priests (D:5)
  Natasha (twice) (D:4)
  A hound skeleton (D:5)
  4 adders
  A worm (D:4)
  2 dart slugs
  4 orcs
  6 ball pythons
  7 endoplasms
  2 giant cockroaches
  6 goblins
  8 hobgoblins
  10 jackals (D:2)
  6 kobolds
  3 quokkas
  3 bats
  2 frilled lizards (D:1)
  5 rats
  A spectral hobgoblin (D:1)
85 creatures vanquished.

Vanquished Creatures (others)
  11 fungi (D:4)
  7 withered plants (D:5)
18 creatures vanquished.

Grand Total: 103 creatures vanquished

Notes
Turn   | Place    | Note
-------+----------+-------------------------------------------
     0 | D:1      | GorkyZ the Octopode Air Elementalist began the quest for
                  | the Orb.
     0 | D:1      | Reached XP level 1. HP: 11/11 MP: 3/3
   152 | D:1      | Found a faded altar of an unknown god.
   172 | D:1      | Reached XP level 2. HP: 16/18 MP: 5/5
   790 | D:2      | Reached skill level 1 in Fighting
   790 | D:2      | Reached XP level 3. HP: 19/23 MP: 1/6
  1625 | D:2      | Learned a level 3 spell: Mephitic Cloud
  1853 | D:3      | Reached XP level 4. HP: 28/28 MP: 0/7
  1871 | D:3      | Found a bloodstained altar of Trog.
  2321 | D:3      | Reached skill level 1 in Poison Magic
  2321 | D:3      | Reached XP level 5. HP: 26/33 MP: 3/9
  2650 | D:3      | Found a shimmering altar of Xom.
  2728 | D:3      | Found a runed translucent door.
  2729 | D:3      | Noticed Crazy Yiuf
  2738 | D:3      | Killed Crazy Yiuf
  3281 | D:4      | Reached XP level 6. HP: 39/39 MP: 7/10
  3720 | D:4      | Learned a level 3 spell: Ignite Poison
  3772 | D:4      | Found an opulent altar of Gozag.
  3795 | D:4      | Reached skill level 1 in Staves
  3873 | D:4      | Noticed Natasha
  3876 | D:4      | Reached skill level 4 in Air Magic
  3879 | D:4      | Killed Natasha
  3912 | D:4      | Found a basalt altar of Yredelemnul.
  4098 | D:4      | Noticed Natasha
  4104 | D:4      | Killed Natasha
  4208 | D:4      | Found a blossoming altar of Fedhas.
  4219 | D:4      | Reached XP level 7. HP: 14/45 MP: 8/12
  4602 | D:5      | Entered Level 5 of the Dungeon
  4708 | D:5      | Reached skill level 1 in Transmutations
  4708 | D:5      | Reached skill level 1 in Fire Magic
  4831 | D:5      | HP: 1/45 [killer bee zombie (5)]
  4833 | D:5      | Slain by a killer bee zombie

Illustrated notes

Levels and vault maps discovered:
D:1:      amcnicky_arrival_gap_in_the_tavern_cellar, layout_rooms,
          dreamdust_ecumenical_altar_drowned_temple
D:2:      layout_basic
D:3:      layout_loops_corners, lemuel_crystal_altar, trog_hazing_becter,
          uniq_crazy_yiuf_cottage
D:4:      layout_loops_cross, nicolae_gozag_cash_rules_everything_around_me,
          mainiacjoe_overflow_brackets, mainiacjoe_overflow_alcove_2,
          dreamdust_mushroom_princess, uniq_natasha
D:5:      layout_loops_corners, minmay_temple_entry_tees, serial_undead,
          serial_undead_a, serial_undead_b, serial_undead_d, serial_undead_c,
          serial_undead_b, serial_undead_c, uniq_grinder

Skill      XL: |  1  2  3  4  5  6  7 |
---------------+----------------------+-----
Fighting       | 1 2 |  2.7
Conjurations   | 2 3 |  3.1
Poison Magic   | 1 2 |  2.7
Dodging        | 3 |  3.4
Spellcasting   | 3 |  3.4
Staves         | 1 |  1.6
Air Magic      | 4 |  4.2
Transmutations | 1 |  1.2
Fire Magic     | 1 |  1.3
Stealth        | |  2.6

Action                   |  1- 3 |  4- 6 |  7- 9 || total
-------------------------+-------+-------+-------++-------
Melee: Unarmed           |    15 |       |       ||    15
       Constrict         |     5 |    10 |     5 ||    20
       Tentacles         |     5 |    10 |     2 ||    17
       Scimitar          |    10 |    14 |       ||    24
       Quarterstaff      |       |    44 |    15 ||    59
       Punch             |       |     1 |       ||     1
 Cast: Shock             |    72 |    65 |    17 ||   154
       Mephitic Cloud    |       |     2 |     1 ||     3
 Stab: Sleeping          |       |     2 |       ||     2
       Paralysed         |       |       |     1 ||     1
Armor: Skin              |     4 |     6 |       ||    10
Dodge: Dodged            |    32 |    27 |    21 ||    80
